Login

Wuhan Clan vs Aces

Created - April 28, 2024 at 11:40

Goals
1 2 3 T
Wuhan Clan 3 0 1 4
Aces 1 2 2 5
Shots
1 2 3 T
Wuhan Clan 16 12 12 40
Aces 14 15 11 40

GoalsPenalties
1st period
1. Aces , Nick Leddy 4 (Clayton Keller 24, Robby Fabbri 15) at 2:16 (PP)
2. Wuhan Clan , Tomas Tatar 14 (Aaron Ekblad 38, Dougie Hamilton 37) at 3:12
3. Wuhan Clan , Chu Kock 19 (Trevor Zegras 25, Aaron Ekblad 39) at 11:37
4. Wuhan Clan , Jack Quinn 8 (Jason Dickinson 10) at 17:08
Aaron Ekblad (WUH) for Tripping (Minor) at 0:53
Robby Fabbri (MAL) for Fighting (Major) at 4:13
Gabriel Carlsson (WUH) for Fighting (Major) at 4:13
Lee Mack (MAL) for Tripping (Minor) at 9:35
2nd period
5. Aces , Jack Hughes 18 (Lee Mack 46) at 0:33
6. Aces , Jack Hughes 19 (Ryan McDonagh 25, Clayton Keller 25) at 5:06
Clayton Keller (MAL) for Tripping (Minor) at 1:28
Robby Fabbri (MAL) for Hooking (Minor) at 7:07
Adam Lowry (WUH) for High sticking (Minor) at 7:07
Connor Clifton (WUH) for Hooking (Minor) at 11:41
Dante Fabbro (MAL) for Holding Stick (Minor) at 13:57
Gabriel Carlsson (WUH) for Holding (Minor) at 16:30
3rd period
7. Aces , Jordan Kyrou 19 (Charlie Coyle 27, Lee Mack 47) at 6:18
8. Wuhan Clan , Elias Pettersson 29 (Aaron Ekblad 40) at 8:44 (PP)
9. Aces , Jordan Kyrou 20 (Ryan McDonagh 26, Nick Leddy 17) at 15:39 (PP)
Mikael Backlund (MAL) for Holding (Minor) at 7:27
David Krejci (WUH) for High sticking (Minor) at 8:47
Trevor Zegras (WUH) for Boarding (Minor) at 13:41
Goalie Stats
Jacob Markstrom (WUH), 35 saves from 40 shots - (0.875), L, 21-37-9, 59:25 minutes
Carter Hart (MAL), 36 saves from 40 shots - (0.900), W, 25-36-8, 60:00 minutes
3 StarsOfficial
1 - Jack Hughes (MAL)
2 - Jordan Kyrou (MAL)
3 - Lee Mack (MAL)
Referees : Unknown
Linesman : Unknown
Game Note
Gabriel Carlsson beats up Robby Fabbri at 4:13 of 1st period
Finance
Level 1 -- Attendance: 4293 (71.55%) -- Ticket Income $429,300
Level 2 -- Attendance: 3945 (78.90%) -- Ticket Income $236,700
Level 3 -- Attendance: 1442 (72.10%) -- Ticket Income $50,470
Level 4 -- Attendance: 3025 (75.63%) -- Ticket Income $75,625
Luxury Box -- Attendance: 1000 (100.00%) -- Ticket Income $200,000
Game was played at the Ikea Arena.
Total Attendance: 13705 (76.14%)
Total Ticket Income: $992,095
Other Income: $396,838
Total Income: $1,388,933



Team Name Goals Shots Shots Attemp Shots Blocked PIM HIT PP PK FO%
Wuhan Clan 44075617131 / 4 (25%)262%
Aces 54078915182 / 5 (40%)138%

Wuhan Clan
Player Name POS G A P +/- PIM HIT SHT SB MP PP MP PP SHT PK MP PK SHT FO% FOT
Aaron EkbladD0331203125:383:4623:5600% 0
Adam LowryC0002222018:013:3403:36065% 23
Chu KockRW101-1012015:303:4000:0000% 1
Connor CliftonD0000210024:494:2203:1300% 0
David KrejciC/LW0002203018:043:3413:171100% 1
Dougie HamiltonD0112012220:192:5214:5000% 0
Elias PetterssonC101-10213022:293:4035:22073% 40
Gabriel CarlssonD000-2710211:270:0000:0000% 0
Jack QuinnRW101-1011011:330:0000:000100% 1
Jason DickinsonC/LW011-1001013:020:0001:29058% 12
Jesperi KotkaniemiC/LW000000007:140:0000:0000% 0
Kevin LabancRW000000007:140:0000:0000% 0
Mark BorowieckiD0001021122:082:5215:0500% 0
Michael RasmussenC/LW000000007:140:0000:00022% 9
Tomas TatarLW/RW1012004015:083:3410:20033% 3
Travis DermottD000-2011015:350:3601:3200% 0
Trevor ZegrasC/LW011-1216021:383:4014:32050% 2
Wyatt JohnstonC000-1001011:330:0000:0000% 0
Aces
Player Name POS G A P +/- PIM HIT SHT SB MP PP MP PP SHT PK MP PK SHT FO% FOT
Anthony BeauvillierLW000-301007:540:0000:000100% 1
Arthur KaliyevLW/RW0002010012:320:0000:00046% 13
Carter VerhaegheC/LW/RW0001015015:325:2720:00029% 24
Charlie CoyleC/RW0111002015:325:2700:000100% 1
Clayton KellerLW/RW0222212022:334:1303:28026% 19
Dante FabbroD000-2241016:450:5202:1800% 0
Erik CernakD0002032323:353:5414:2500% 0
Jack HughesC/LW2022027023:073:5114:35075% 4
Jordan KyrouLW/RW2021006018:496:0742:21020% 5
Lee MackD0222216224:185:1122:4400% 0
Mikael BacklundC/RW0000212010:350:0000:000100% 2
Nathan MacKinnonC000-300309:020:1600:0000% 0
Nick LeddyD112-2001017:273:1511:1000% 0
Robby FabbriC/LW0110723013:352:3331:24011% 9
Ross ColtonC/LW000-301007:540:0000:00071% 7
Ryan McDonaghD0220000423:125:2403:1200% 0
Thomas ChabotD0000000014:410:0000:3900% 0
Victor OlofssonLW/RW0000000013:380:0002:40043% 7

Wuhan Clan

5 vs 5 Forward
Line #Left WingCenterRight WingPHYDFOFWanted %Time %Time Play
1Trevor ZegrasElias PetterssonChu Kock1223027%11:11
2David KrejciAdam LowryTomas Tatar1222827%10:52
3Wyatt JohnstonJason DickinsonJack Quinn1222628%11:33
4Jesperi KotkaniemiMichael RasmussenKevin Labanc1221618%7:14
5 vs 5 Defense
Line #DefenseDefensePHYDFOFWanted %Time %Time Play
1Aaron EkbladConnor Clifton1223028%11:26
2Dougie HamiltonMark Borowiecki1222828%11:34
3Travis DermottGabriel Carlsson1222634%13:44
4Aaron EkbladConnor Clifton1221610%4:06
Power Play Forward
Line #Left WingCenterRight WingPHYDFOFWanted %Time %Time Play
1Trevor ZegrasElias PetterssonChu Kock1225551%3:40
2David KrejciAdam LowryTomas Tatar1224549%3:34
Power Play Defense
Line #DefenseDefensePHYDFOFWanted %Time %Time Play
1Aaron EkbladConnor Clifton1225560%4:22
2Dougie HamiltonMark Borowiecki1224540%2:52
Penalty Kill 4 Players Forward
Line #CenterWingPHYDFOFWanted %Time %Time Play
1Elias PetterssonTrevor Zegras1225561%5:42
2Adam LowryDavid Krejci1224539%3:36
Penalty Kill 4 Players Defense
Line #DefenseDefensePHYDFOFWanted %Time %Time Play
1Aaron EkbladConnor Clifton1225548%4:28
2Dougie HamiltonMark Borowiecki1224552%4:50
Penalty Kill 3 Players
Line #WingPHYDFOFWanted %Time %Time PlayDefenseDefensePHYDFOFWanted %Time %Time Play
1Elias Pettersson122550%0:00 Aaron EkbladConnor Clifton122550%0:00
2Adam Lowry122450%0:00 Dougie HamiltonMark Borowiecki122450%0:00
4 vs 4 Forward
Line #CenterWingPHYDFOFWanted %Time %Time Play
1Elias PetterssonTrevor Zegras1225582%1:37
2Adam LowryDavid Krejci1224518%0:22
4 vs 4 Defense
Line #DefensePHYDFOFWanted %Time %Time Play
1Aaron EkbladConnor Clifton1225547%55% - 0:56
2Dougie HamiltonMark Borowiecki1224553%45% - 1:03
Last Minutes Offensive
Left WingCenterRight WingDefenseDefense
Trevor ZegrasElias PetterssonChu KockAaron EkbladConnor Clifton
Last Minutes Defensive
Left WingCenterRight WingDefenseDefense
Trevor ZegrasElias PetterssonChu KockAaron EkbladConnor Clifton
Time
Total ForwardTotal DefenseLast Minutes OffensiveLast Minutes Defensive
60:00 60:00 0:390:00
Extra Forwards
Normal PowerPlayPenalty Kill
David Krejci, Tomas Tatar, Jason DickinsonDavid Krejci, Tomas TatarDavid Krejci
Extra Defensemen
Normal PowerPlayPenalty Kill
Mark Borowiecki, Connor Clifton, Aaron EkbladMark Borowiecki, Mark BorowieckiAaron Ekblad
Penalty Shots
Elias Pettersson, Trevor Zegras, Adam Lowry, Chu Kock, David Krejci
Goalie
Jacob Markstrom, James Reimer
Custom OT Lines Forwards
Elias Pettersson, Trevor Zegras, Adam Lowry, Chu Kock, David Krejci, Tomas Tatar, Jason Dickinson, Michael Rasmussen, Jesperi Kotkaniemi, Wyatt Johnston
Custom OT Lines Defensemen
Aaron Ekblad, Connor Clifton, Dougie Hamilton, Mark Borowiecki, Travis Dermott
Scratches
Blake Coleman (Healthy), Alexander Nylander (Healthy), Jacob Larsson (Healthy)

Aces

5 vs 5 Forward
Line #Left WingCenterRight WingPHYDFOFWanted %Time %Time Play
1Jack HughesArthur KaliyevClayton Keller1223030%12:32
2Jordan KyrouCarter VerhaegheCharlie Coyle1222825%10:05
3Victor OlofssonRobby FabbriMikael Backlund1222626%10:36
4Anthony BeauvillierRoss ColtonNathan MacKinnon1221619%7:54
5 vs 5 Defense
Line #DefenseDefensePHYDFOFWanted %Time %Time Play
1Lee MackErik Cernak1223027%11:09
2Ryan McDonaghThomas Chabot1222834%14:02
3Nick LeddyDante Fabbro1222633%13:36
4Lee MackErik Cernak122166%2:20
Power Play Forward
Line #Left WingCenterRight WingPHYDFOFWanted %Time %Time Play
1Jack HughesJordan KyrouClayton Keller1225541%3:51
2Jordan KyrouCarter VerhaegheCharlie Coyle1224559%5:27
Power Play Defense
Line #DefenseDefensePHYDFOFWanted %Time %Time Play
1Lee MackErik Cernak1225542%3:54
2Ryan McDonaghLee Mack1224558%5:24
Penalty Kill 4 Players Forward
Line #CenterWingPHYDFOFWanted %Time %Time Play
1Clayton KellerJack Hughes1225568%4:53
2Clayton KellerJordan Kyrou1224532%2:21
Penalty Kill 4 Players Defense
Line #DefenseDefensePHYDFOFWanted %Time %Time Play
1Lee MackErik Cernak1225560%4:19
2Ryan McDonaghErik Cernak1224540%2:55
Penalty Kill 3 Players
Line #WingPHYDFOFWanted %Time %Time PlayDefenseDefensePHYDFOFWanted %Time %Time Play
1Jack Hughes122550%0:00 Lee MackErik Cernak122550%0:00
2Jack Hughes122450%0:00 Ryan McDonaghErik Cernak122450%0:00
4 vs 4 Forward
Line #CenterWingPHYDFOFWanted %Time %Time Play
1Clayton KellerJack Hughes1225587%1:43
2Clayton KellerJordan Kyrou1224513%0:16
4 vs 4 Defense
Line #DefensePHYDFOFWanted %Time %Time Play
1Lee MackErik Cernak1225571%55% - 1:25
2Ryan McDonaghLee Mack1224529%45% - 0:34
Last Minutes Offensive
Left WingCenterRight WingDefenseDefense
Jack HughesArthur KaliyevClayton KellerLee MackErik Cernak
Last Minutes Defensive
Left WingCenterRight WingDefenseDefense
Jack HughesArthur KaliyevClayton KellerLee MackErik Cernak
Time
Total ForwardTotal DefenseLast Minutes OffensiveLast Minutes Defensive
60:00 60:00 0:000:22
Extra Forwards
Normal PowerPlayPenalty Kill
Jack Hughes, Robby Fabbri, Victor OlofssonClayton Keller, Robby FabbriVictor Olofsson
Extra Defensemen
Normal PowerPlayPenalty Kill
Nick Leddy, Dante Fabbro, Ryan McDonaghNick Leddy, Dante FabbroRyan McDonagh
Penalty Shots
Robby Fabbri, Jack Hughes, Clayton Keller, Jordan Kyrou, Carter Verhaeghe
Goalie
Carter Hart, Philipp Grubauer
Custom OT Lines Forwards
Arthur Kaliyev, Jack Hughes, Clayton Keller, Jordan Kyrou, Carter Verhaeghe, Charlie Coyle, Robby Fabbri, Victor Olofsson, Mikael Backlund, Anthony Beauvillier
Custom OT Lines Defensemen
Lee Mack, Erik Cernak, Ryan McDonagh, Dante Fabbro, Nick Leddy
Scratches
Paul Stastny (Healthy), Chris Driedger (Healthy)


Play-by-Play

1st period


0:01 of 1st period - Arthur Kaliyev wins face-off versus Elias Pettersson in neutral zone.
0:01 of 1st period - Lee Mack is hit by Elias Pettersson and loses puck.
0:18 of 1st period - Shot by Clayton Keller.
0:18 of 1st period - Stopped by Jacob Markstrom with a rebound.
0:26 of 1st period - Shot by Clayton Keller.
0:26 of 1st period - Shot Misses the Net.
0:36 of 1st period - Shot by Jack Hughes.
0:36 of 1st period - Shot Misses the Net.
0:53 of 1st period - Minor Penalty to Aaron Ekblad for Tripping.
0:54 of 1st period - Adam Lowry wins face-off versus Carter Verhaeghe in Wuhan Clan zone.
1:11 of 1st period - Shot by Jordan Kyrou.
1:11 of 1st period - Stopped by Jacob Markstrom without a rebound.
1:12 of 1st period - Elias Pettersson wins face-off versus Carter Verhaeghe in Wuhan Clan zone.
1:29 of 1st period - Shot by Lee Mack.
1:29 of 1st period - Shot Misses the Net.
1:31 of 1st period - Shot by Erik Cernak.
1:31 of 1st period - Shot Misses the Net.
1:37 of 1st period - Shot by Jordan Kyrou.
1:37 of 1st period - Stopped by Jacob Markstrom with a rebound.
2:04 of 1st period - Jack Hughes is hit by Adam Lowry and loses puck.
2:16 of 1st period - Shot by Nick Leddy.
2:16 of 1st period - Goal by Nick Leddy - Wuhan Clan : 0 - Aces : 1.
2:17 of 1st period - Anthony Beauvillier wins face-off versus Jason Dickinson in neutral zone.
3:06 of 1st period - Shot by Aaron Ekblad.
3:06 of 1st period - Shot Misses the Net.
3:08 of 1st period - Shot by Tomas Tatar.
3:08 of 1st period - Shot Misses the Net.
3:12 of 1st period - Shot by Tomas Tatar.
3:12 of 1st period - Goal by Tomas Tatar - Wuhan Clan : 1 - Aces : 1.
3:13 of 1st period - Mikael Backlund wins face-off versus Michael Rasmussen in neutral zone.
3:29 of 1st period - Shot by Mikael Backlund.
3:29 of 1st period - Stopped by Jacob Markstrom without a rebound.
3:30 of 1st period - Adam Lowry wins face-off versus Carter Verhaeghe in Wuhan Clan zone.
3:34 of 1st period - Tomas Tatar is hit by Erik Cernak and loses puck.
4:07 of 1st period - Shot by Jordan Kyrou.
4:07 of 1st period - Stopped by Jacob Markstrom without a rebound.
4:08 of 1st period - Jack Quinn wins face-off versus Robby Fabbri in Wuhan Clan zone.
4:08 of 1st period - Jack Quinn is hit by Robby Fabbri.
4:13 of 1st period - Gabriel Carlsson beats up Robby Fabbri.
4:13 of 1st period - Penalty to Robby Fabbri for Fighting.
4:13 of 1st period - Penalty to Gabriel Carlsson for Fighting.
4:14 of 1st period - Jack Hughes wins face-off versus Michael Rasmussen in Wuhan Clan zone.
4:29 of 1st period - Shot by Michael Rasmussen.
4:29 of 1st period - Shot Misses the Net.
4:31 of 1st period - Shot by Aaron Ekblad.
4:31 of 1st period - Stopped by Carter Hart without a rebound.
4:32 of 1st period - Carter Verhaeghe wins face-off versus Elias Pettersson in Aces zone.
4:39 of 1st period - Shot by Lee Mack.
4:39 of 1st period - Stopped by Jacob Markstrom without a rebound.
4:40 of 1st period - Jason Dickinson wins face-off versus Arthur Kaliyev in Wuhan Clan zone.
4:40 of 1st period - Jason Dickinson is hit by Jack Hughes.
4:57 of 1st period - Shot by Clayton Keller.
4:57 of 1st period - Deflect By Jack Hughes.
4:57 of 1st period - Stopped by Jacob Markstrom with a rebound.
5:01 of 1st period - Shot by Clayton Keller.
5:01 of 1st period - Shot Misses the Net.
5:03 of 1st period - Shot by Jack Hughes.
5:03 of 1st period - Shot Misses the Net.
5:37 of 1st period - Shot by Tomas Tatar.
5:37 of 1st period - Shot Blocked by Lee Mack.
5:39 of 1st period - Shot by Adam Lowry.
5:39 of 1st period - Shot Misses the Net.
6:17 of 1st period - Shot by Chu Kock.
6:17 of 1st period - Shot Misses the Net.
6:19 of 1st period - Shot by Elias Pettersson.
6:19 of 1st period - Stopped by Carter Hart without a rebound.
6:20 of 1st period - Michael Rasmussen wins face-off versus Jordan Kyrou in Aces zone.
6:24 of 1st period - Icing by Nick Leddy.
6:25 of 1st period - Elias Pettersson wins face-off versus Carter Verhaeghe in Aces zone.
6:49 of 1st period - Shot by Dante Fabbro.
6:49 of 1st period - Shot Misses the Net.
6:51 of 1st period - Shot by Charlie Coyle.
6:51 of 1st period - Shot Misses the Net.
7:19 of 1st period - Shot by Dougie Hamilton.
7:19 of 1st period - Stopped by Carter Hart with a rebound.
7:25 of 1st period - Shot by Jack Hughes.
7:25 of 1st period - Stopped by Jacob Markstrom without a rebound.
7:26 of 1st period - Ross Colton wins face-off versus Jason Dickinson in Wuhan Clan zone.
7:33 of 1st period - Shot by Anthony Beauvillier.
7:33 of 1st period - Shot Misses the Net.
7:35 of 1st period - Shot by Lee Mack.
7:35 of 1st period - Shot Misses the Net.
7:55 of 1st period - Shot by Nathan MacKinnon.
7:55 of 1st period - Stopped by Jacob Markstrom with a rebound.
7:59 of 1st period - Shot by Nathan MacKinnon.
7:59 of 1st period - Shot Misses the Net.
8:10 of 1st period - Jack Quinn is hit by Anthony Beauvillier and loses puck.
8:46 of 1st period - Icing by Ryan McDonagh.
8:47 of 1st period - Elias Pettersson wins face-off versus Arthur Kaliyev in Aces zone.
8:54 of 1st period - Shot by Trevor Zegras.
8:54 of 1st period - Stopped by Carter Hart without a rebound.
8:55 of 1st period - Jack Hughes wins face-off versus Chu Kock in Aces zone.
9:02 of 1st period - Shot by Mikael Backlund.
9:02 of 1st period - Stopped by Jacob Markstrom without a rebound.
9:03 of 1st period - Adam Lowry wins face-off versus Carter Verhaeghe in Wuhan Clan zone.
9:13 of 1st period - Off-side.
9:14 of 1st period - Elias Pettersson wins face-off versus Robby Fabbri in neutral zone.
9:16 of 1st period - Off-side.
9:17 of 1st period - Elias Pettersson wins face-off versus Victor Olofsson in neutral zone.
9:20 of 1st period - Shot by Trevor Zegras.
9:20 of 1st period - Shot Misses the Net.
9:25 of 1st period - Elias Pettersson is hit by Lee Mack and loses puck.
9:35 of 1st period - Minor Penalty to Lee Mack for Tripping.
9:36 of 1st period - Adam Lowry wins face-off versus Clayton Keller in Aces zone.
10:09 of 1st period - Shot by David Krejci.
10:09 of 1st period - Deflect By Tomas Tatar.
10:09 of 1st period - Stopped by Carter Hart without a rebound.
10:10 of 1st period - Elias Pettersson wins face-off versus Clayton Keller in Aces zone.
10:11 of 1st period - Shot by Aaron Ekblad.
10:11 of 1st period - Stopped by Carter Hart with a rebound.
10:13 of 1st period - Shot by Connor Clifton.
10:13 of 1st period - Shot Misses the Net.
10:15 of 1st period - Shot by Trevor Zegras.
10:15 of 1st period - Shot Misses the Net.
10:33 of 1st period - Shot by Elias Pettersson.
10:33 of 1st period - Stopped by Carter Hart without a rebound.
10:34 of 1st period - Adam Lowry wins face-off versus Clayton Keller in Aces zone.
10:43 of 1st period - Shot by Tomas Tatar.
10:43 of 1st period - Deflect By David Krejci.
10:43 of 1st period - Shot Blocked by Ryan McDonagh.
10:45 of 1st period - Shot by Mark Borowiecki.
10:45 of 1st period - Stopped by Carter Hart without a rebound.
10:46 of 1st period - Clayton Keller wins face-off versus Elias Pettersson in Aces zone.
10:46 of 1st period - Clayton Keller is hit by Chu Kock.
11:00 of 1st period - Shot by Elias Pettersson.
11:00 of 1st period - Stopped by Carter Hart with a rebound.
11:10 of 1st period - Shot by Aaron Ekblad.
11:10 of 1st period - Shot Blocked by Ryan McDonagh.
11:27 of 1st period - Icing by Connor Clifton.
11:28 of 1st period - Elias Pettersson wins face-off versus Clayton Keller in Wuhan Clan zone.
11:37 of 1st period - Shot by Chu Kock.
11:37 of 1st period - Goal by Chu Kock - Wuhan Clan : 2 - Aces : 1.
11:38 of 1st period - Adam Lowry wins face-off versus Carter Verhaeghe in neutral zone.
11:56 of 1st period - Icing by Mark Borowiecki.
11:57 of 1st period - Adam Lowry wins face-off versus Robby Fabbri in Wuhan Clan zone.
12:03 of 1st period - Dougie Hamilton is hit by Dante Fabbro.
12:07 of 1st period - Shot by Tomas Tatar.
12:07 of 1st period - Shot Misses the Net.
12:09 of 1st period - Shot by Adam Lowry.
12:09 of 1st period - Stopped by Carter Hart without a rebound.
12:10 of 1st period - Arthur Kaliyev wins face-off versus Michael Rasmussen in Aces zone.
12:31 of 1st period - Shot by Clayton Keller.
12:31 of 1st period - Stopped by Jacob Markstrom without a rebound.
12:32 of 1st period - Elias Pettersson wins face-off versus Carter Verhaeghe in Wuhan Clan zone.
12:45 of 1st period - Shot by Elias Pettersson.
12:45 of 1st period - Stopped by Carter Hart with a rebound.
13:18 of 1st period - Elias Pettersson is hit by Dante Fabbro and loses puck.
14:05 of 1st period - Shot by Connor Clifton.
14:05 of 1st period - Shot Blocked by Lee Mack.
14:07 of 1st period - Shot by Connor Clifton.
14:07 of 1st period - Deflect By Wyatt Johnston.
14:07 of 1st period - Stopped by Carter Hart without a rebound.
14:08 of 1st period - Adam Lowry wins face-off versus Victor Olofsson in Aces zone.
14:17 of 1st period - Shot by David Krejci.
14:17 of 1st period - Stopped by Carter Hart without a rebound.
14:18 of 1st period - Clayton Keller wins face-off versus Michael Rasmussen in Aces zone.
14:58 of 1st period - Shot by Arthur Kaliyev.
14:58 of 1st period - Shot Misses the Net.
15:00 of 1st period - Shot by Lee Mack.
15:00 of 1st period - Stopped by Jacob Markstrom with a rebound.
15:56 of 1st period - Icing by Connor Clifton.
15:57 of 1st period - Ross Colton wins face-off versus Adam Lowry in Wuhan Clan zone.
16:28 of 1st period - Ross Colton is hit by Gabriel Carlsson and loses puck.
16:40 of 1st period - Elias Pettersson is hit by Dante Fabbro and loses puck.
17:06 of 1st period - Icing by Nick Leddy.
17:07 of 1st period - Jason Dickinson wins face-off versus Ross Colton in Aces zone.
17:08 of 1st period - Shot by Jack Quinn.
17:08 of 1st period - Goal by Jack Quinn - Wuhan Clan : 3 - Aces : 1.
17:09 of 1st period - Jason Dickinson wins face-off versus Arthur Kaliyev in neutral zone.
17:16 of 1st period - Shot by Jack Quinn.
17:16 of 1st period - Deflect By Jason Dickinson.
17:16 of 1st period - Shot Misses the Net.
18:19 of 1st period - Off-side.
18:20 of 1st period - Elias Pettersson wins face-off versus Carter Verhaeghe in neutral zone.
18:40 of 1st period - Shot by Charlie Coyle.
18:40 of 1st period - Shot Blocked by Gabriel Carlsson.
18:42 of 1st period - Shot by Charlie Coyle.
18:42 of 1st period - Stopped by Jacob Markstrom with a rebound.
18:46 of 1st period - Shot by Jordan Kyrou.
18:46 of 1st period - Shot Misses the Net.
Goals for this period are 3 for Wuhan Clan vs 1 for Aces.
Shots for this period are 16 for Wuhan Clan vs 14 for Aces.

2nd period


0:01 of 2nd period - Jason Dickinson wins face-off versus Arthur Kaliyev in neutral zone.
0:03 of 2nd period - Aaron Ekblad is hit by Erik Cernak and loses puck.
0:12 of 2nd period - Shot by Lee Mack.
0:12 of 2nd period - Stopped by Jacob Markstrom without a rebound.
0:13 of 2nd period - Elias Pettersson wins face-off versus Carter Verhaeghe in Wuhan Clan zone.
0:22 of 2nd period - Shot by Elias Pettersson.
0:22 of 2nd period - Stopped by Carter Hart without a rebound.
0:23 of 2nd period - Arthur Kaliyev wins face-off versus Jason Dickinson in Aces zone.
0:28 of 2nd period - Jason Dickinson is hit by Clayton Keller and loses puck.
0:33 of 2nd period - Shot by Jack Hughes.
0:33 of 2nd period - Goal by Jack Hughes - Wuhan Clan : 3 - Aces : 2.
0:34 of 2nd period - Carter Verhaeghe wins face-off versus Elias Pettersson in neutral zone.
1:22 of 2nd period - Icing by Elias Pettersson.
1:23 of 2nd period - Elias Pettersson wins face-off versus Arthur Kaliyev in Wuhan Clan zone.
1:23 of 2nd period - Elias Pettersson is hit by Arthur Kaliyev.
1:28 of 2nd period - Minor Penalty to Clayton Keller for Tripping.
1:29 of 2nd period - Adam Lowry wins face-off versus Victor Olofsson in Aces zone.
1:46 of 2nd period - Shot by David Krejci.
1:46 of 2nd period - Stopped by Carter Hart without a rebound.
1:47 of 2nd period - Victor Olofsson wins face-off versus Tomas Tatar in Aces zone.
2:28 of 2nd period - Icing by Mark Borowiecki.
2:29 of 2nd period - Victor Olofsson wins face-off versus Elias Pettersson in Wuhan Clan zone.
2:29 of 2nd period - Victor Olofsson is hit by Mark Borowiecki.
2:35 of 2nd period - Shot by Erik Cernak.
2:35 of 2nd period - Shot Misses the Net.
2:38 of 2nd period - Icing by Dougie Hamilton.
2:39 of 2nd period - Elias Pettersson wins face-off versus Victor Olofsson in Wuhan Clan zone.
3:10 of 2nd period - Shot by Dougie Hamilton.
3:10 of 2nd period - Stopped by Carter Hart without a rebound.
3:11 of 2nd period - Victor Olofsson wins face-off versus Adam Lowry in Aces zone.
3:39 of 2nd period - Off-side.
3:40 of 2nd period - Carter Verhaeghe wins face-off versus Michael Rasmussen in neutral zone.
4:12 of 2nd period - Jesperi Kotkaniemi is hit by Carter Verhaeghe and loses puck.
5:06 of 2nd period - Shot by Jack Hughes.
5:06 of 2nd period - Goal by Jack Hughes - Wuhan Clan : 3 - Aces : 3.
5:07 of 2nd period - Adam Lowry wins face-off versus Robby Fabbri in neutral zone.
5:36 of 2nd period - Off-side.
5:37 of 2nd period - Elias Pettersson wins face-off versus Carter Verhaeghe in neutral zone.
5:40 of 2nd period - Shot by Trevor Zegras.
5:40 of 2nd period - Stopped by Carter Hart with a rebound.
5:53 of 2nd period - Shot by Charlie Coyle.
5:53 of 2nd period - Stopped by Jacob Markstrom without a rebound.
5:54 of 2nd period - Jason Dickinson wins face-off versus Ross Colton in Wuhan Clan zone.
6:47 of 2nd period - Thomas Chabot is hit by Jack Quinn and loses puck.
7:07 of 2nd period - Minor Penalty to Robby Fabbri for Hooking.
7:07 of 2nd period - Minor Penalty to Adam Lowry for High sticking.
7:08 of 2nd period - Clayton Keller wins face-off versus Elias Pettersson in neutral zone.
7:08 of 2nd period - Jack Hughes is hit by Trevor Zegras and loses puck.
7:20 of 2nd period - Shot by Erik Cernak.
7:20 of 2nd period - Stopped by Jacob Markstrom without a rebound.
7:21 of 2nd period - Elias Pettersson wins face-off versus Clayton Keller in Wuhan Clan zone.
7:40 of 2nd period - Shot by Elias Pettersson.
7:40 of 2nd period - Shot Misses the Net.
7:44 of 2nd period - Shot by Elias Pettersson.
7:44 of 2nd period - Shot Blocked by Erik Cernak.
7:46 of 2nd period - Shot by Elias Pettersson.
7:46 of 2nd period - Stopped by Carter Hart with a rebound.
7:48 of 2nd period - Shot by Elias Pettersson.
7:48 of 2nd period - Deflect By Trevor Zegras.
7:48 of 2nd period - Stopped by Carter Hart without a rebound.
7:49 of 2nd period - Clayton Keller wins face-off versus Tomas Tatar in Aces zone.
8:04 of 2nd period - Shot by Lee Mack.
8:04 of 2nd period - Stopped by Jacob Markstrom without a rebound.
8:05 of 2nd period - Elias Pettersson wins face-off versus Clayton Keller in Wuhan Clan zone.
8:16 of 2nd period - Shot by Trevor Zegras.
8:16 of 2nd period - Stopped by Carter Hart without a rebound.
8:17 of 2nd period - Elias Pettersson wins face-off versus Jordan Kyrou in Aces zone.
8:32 of 2nd period - Shot by Trevor Zegras.
8:32 of 2nd period - Stopped by Carter Hart without a rebound.
8:33 of 2nd period - Tomas Tatar wins face-off versus Clayton Keller in Aces zone.
8:38 of 2nd period - Shot by Tomas Tatar.
8:38 of 2nd period - Stopped by Carter Hart without a rebound.
8:39 of 2nd period - Elias Pettersson wins face-off versus Clayton Keller in Aces zone.
8:42 of 2nd period - Shot by Elias Pettersson.
8:42 of 2nd period - Stopped by Carter Hart without a rebound.
8:43 of 2nd period - Trevor Zegras wins face-off versus Clayton Keller in Aces zone.
8:58 of 2nd period - Off-side.
8:59 of 2nd period - Jack Hughes wins face-off versus Trevor Zegras in neutral zone.
9:04 of 2nd period - Shot by Jack Hughes.
9:04 of 2nd period - Stopped by Jacob Markstrom without a rebound.
9:05 of 2nd period - Elias Pettersson wins face-off versus Clayton Keller in Wuhan Clan zone.
9:07 of 2nd period - Trevor Zegras is hit by Mikael Backlund and loses puck.
9:27 of 2nd period - Adam Lowry is hit by Dante Fabbro and loses puck.
10:45 of 2nd period - Jack Quinn is hit by Erik Cernak and loses puck.
10:54 of 2nd period - Shot by Wyatt Johnston.
10:54 of 2nd period - Shot Misses the Net.
11:28 of 2nd period - Off-side.
11:29 of 2nd period - Carter Verhaeghe wins face-off versus Adam Lowry in neutral zone.
11:31 of 2nd period - Thomas Chabot is hit by Connor Clifton and loses puck.
11:40 of 2nd period - Shot by Jordan Kyrou.
11:40 of 2nd period - Deflect By Carter Verhaeghe.
11:40 of 2nd period - Stopped by Jacob Markstrom with a rebound.
11:41 of 2nd period - Minor Penalty to Connor Clifton for Hooking.
11:42 of 2nd period - Carter Verhaeghe wins face-off versus Elias Pettersson in Wuhan Clan zone.
12:03 of 2nd period - Shot by Charlie Coyle.
12:03 of 2nd period - Shot Misses the Net.
12:05 of 2nd period - Shot by Lee Mack.
12:05 of 2nd period - Shot Blocked by Mark Borowiecki.
12:07 of 2nd period - Shot by Charlie Coyle.
12:07 of 2nd period - Shot Misses the Net.
12:09 of 2nd period - Shot by Lee Mack.
12:09 of 2nd period - Shot Blocked by Dougie Hamilton.
12:13 of 2nd period - Shot by Lee Mack.
12:13 of 2nd period - Shot Misses the Net.
12:43 of 2nd period - Shot by Nick Leddy.
12:43 of 2nd period - Shot Misses the Net.
12:50 of 2nd period - Icing by Nick Leddy.
12:51 of 2nd period - Jordan Kyrou wins face-off versus Elias Pettersson in Aces zone.
13:24 of 2nd period - Shot by Lee Mack.
13:24 of 2nd period - Stopped by Jacob Markstrom with a rebound.
13:26 of 2nd period - Shot by Robby Fabbri.
13:26 of 2nd period - Stopped by Jacob Markstrom without a rebound.
13:27 of 2nd period - Elias Pettersson wins face-off versus Carter Verhaeghe in Wuhan Clan zone.
13:52 of 2nd period - Shot by Jason Dickinson.
13:52 of 2nd period - Shot Blocked by Ryan McDonagh.
13:54 of 2nd period - Shot by Jason Dickinson.
13:54 of 2nd period - Stopped by Carter Hart without a rebound.
13:55 of 2nd period - Michael Rasmussen wins face-off versus Robby Fabbri in Aces zone.
13:57 of 2nd period - Minor Penalty to Dante Fabbro for Holding Stick.
13:58 of 2nd period - Adam Lowry wins face-off versus Clayton Keller in Aces zone.
14:19 of 2nd period - Shot by Adam Lowry.
14:19 of 2nd period - Shot Misses the Net.
15:14 of 2nd period - Shot by Dougie Hamilton.
15:14 of 2nd period - Shot Misses the Net.
16:27 of 2nd period - Shot by Nathan MacKinnon.
16:27 of 2nd period - Shot Misses the Net.
16:30 of 2nd period - Minor Penalty to Gabriel Carlsson for Holding.
16:31 of 2nd period - Elias Pettersson wins face-off versus Carter Verhaeghe in Wuhan Clan zone.
17:17 of 2nd period - Off-side.
17:18 of 2nd period - Adam Lowry wins face-off versus Clayton Keller in neutral zone.
17:25 of 2nd period - Shot by David Krejci.
17:25 of 2nd period - Stopped by Carter Hart with a rebound.
18:03 of 2nd period - Shot by Nick Leddy.
18:03 of 2nd period - Shot Misses the Net.
18:05 of 2nd period - Shot by Robby Fabbri.
18:05 of 2nd period - Stopped by Jacob Markstrom without a rebound.
18:06 of 2nd period - Charlie Coyle wins face-off versus Elias Pettersson in Wuhan Clan zone.
18:07 of 2nd period - Shot by Robby Fabbri.
18:07 of 2nd period - Stopped by Jacob Markstrom without a rebound.
18:08 of 2nd period - Elias Pettersson wins face-off versus Carter Verhaeghe in Wuhan Clan zone.
19:21 of 2nd period - Icing by Connor Clifton.
19:22 of 2nd period - Ross Colton wins face-off versus Adam Lowry in Wuhan Clan zone.
19:25 of 2nd period - Shot by Nathan MacKinnon.
19:25 of 2nd period - Stopped by Jacob Markstrom with a rebound.
19:27 of 2nd period - Shot by Dante Fabbro.
19:27 of 2nd period - Stopped by Jacob Markstrom without a rebound.
19:28 of 2nd period - Jason Dickinson wins face-off versus Arthur Kaliyev in Wuhan Clan zone.
19:28 of 2nd period - Aaron Ekblad is hit by Jack Hughes and loses puck.
19:47 of 2nd period - Shot by Jack Hughes.
19:47 of 2nd period - Stopped by Jacob Markstrom with a rebound.
Goals for this period are 0 for Wuhan Clan vs 2 for Aces.
Shots for this period are 12 for Wuhan Clan vs 15 for Aces.

3rd period


0:01 of 3rd period - Elias Pettersson wins face-off versus Carter Verhaeghe in neutral zone.
1:09 of 3rd period - Shot by Clayton Keller.
1:09 of 3rd period - Shot Misses the Net.
1:25 of 3rd period - Shot by Adam Lowry.
1:25 of 3rd period - Stopped by Carter Hart without a rebound.
1:26 of 3rd period - Mikael Backlund wins face-off versus Jason Dickinson in Aces zone.
1:47 of 3rd period - Shot by Mikael Backlund.
1:47 of 3rd period - Shot Misses the Net.
2:23 of 3rd period - Shot by Nathan MacKinnon.
2:23 of 3rd period - Stopped by Jacob Markstrom without a rebound.
2:24 of 3rd period - Adam Lowry wins face-off versus Carter Verhaeghe in Wuhan Clan zone.
2:43 of 3rd period - Shot by Tomas Tatar.
2:43 of 3rd period - Shot Misses the Net.
2:58 of 3rd period - Shot by Tomas Tatar.
2:58 of 3rd period - Stopped by Carter Hart with a rebound.
3:20 of 3rd period - Thomas Chabot is hit by Adam Lowry and loses puck.
4:01 of 3rd period - Shot by Elias Pettersson.
4:01 of 3rd period - Stopped by Carter Hart with a rebound.
4:03 of 3rd period - Shot by Chu Kock.
4:03 of 3rd period - Stopped by Carter Hart with a rebound.
4:35 of 3rd period - Off-side.
4:36 of 3rd period - Ross Colton wins face-off versus Jason Dickinson in neutral zone.
4:39 of 3rd period - Jason Dickinson is hit by Ross Colton and loses puck.
5:02 of 3rd period - Shot by Jack Quinn.
5:02 of 3rd period - Shot Misses the Net.
6:08 of 3rd period - Shot by Carter Verhaeghe.
6:08 of 3rd period - Shot Blocked by Gabriel Carlsson.
6:10 of 3rd period - Shot by Jordan Kyrou.
6:10 of 3rd period - Shot Misses the Net.
6:12 of 3rd period - Shot by Charlie Coyle.
6:12 of 3rd period - Deflect By Jordan Kyrou.
6:12 of 3rd period - Shot Misses the Net.
6:18 of 3rd period - Shot by Charlie Coyle.
6:18 of 3rd period - Deflect By Jordan Kyrou.
6:18 of 3rd period - Goal by Jordan Kyrou - Wuhan Clan : 3 - Aces : 4.
6:19 of 3rd period - Arthur Kaliyev wins face-off versus Adam Lowry in neutral zone.
6:40 of 3rd period - Shot by Jack Hughes.
6:40 of 3rd period - Shot Misses the Net.
7:16 of 3rd period - Carter Verhaeghe is hit by Travis Dermott and loses puck.
7:23 of 3rd period - Shot by Jordan Kyrou.
7:23 of 3rd period - Deflect By Carter Verhaeghe.
7:23 of 3rd period - Stopped by Jacob Markstrom without a rebound.
7:24 of 3rd period - Elias Pettersson wins face-off versus Robby Fabbri in Wuhan Clan zone.
7:24 of 3rd period - Elias Pettersson is hit by Robby Fabbri.
7:27 of 3rd period - Minor Penalty to Mikael Backlund for Holding.
7:28 of 3rd period - Elias Pettersson wins face-off versus Clayton Keller in Aces zone.
7:57 of 3rd period - Shot by Elias Pettersson.
7:57 of 3rd period - Shot Hit the Post.
7:59 of 3rd period - Shot by Trevor Zegras.
7:59 of 3rd period - Shot Misses the Net.
8:01 of 3rd period - Shot by Trevor Zegras.
8:01 of 3rd period - Stopped by Carter Hart without a rebound.
8:02 of 3rd period - Clayton Keller wins face-off versus Adam Lowry in Aces zone.
8:21 of 3rd period - Shot by Tomas Tatar.
8:21 of 3rd period - Shot Hit the Post.
8:23 of 3rd period - Shot by Aaron Ekblad.
8:23 of 3rd period - Stopped by Carter Hart without a rebound.
8:24 of 3rd period - Elias Pettersson wins face-off versus Clayton Keller in Aces zone.
8:44 of 3rd period - Shot by Elias Pettersson.
8:44 of 3rd period - Goal by Elias Pettersson - Wuhan Clan : 4 - Aces : 4.
8:45 of 3rd period - Robby Fabbri wins face-off versus Adam Lowry in neutral zone.
8:47 of 3rd period - Minor Penalty to David Krejci for High sticking.
8:48 of 3rd period - Elias Pettersson wins face-off versus Carter Verhaeghe in Wuhan Clan zone.
9:23 of 3rd period - Shot by Carter Verhaeghe.
9:23 of 3rd period - Stopped by Jacob Markstrom with a rebound.
9:25 of 3rd period - Shot by Carter Verhaeghe.
9:25 of 3rd period - Stopped by Jacob Markstrom with a rebound.
9:27 of 3rd period - Shot by Lee Mack.
9:27 of 3rd period - Stopped by Jacob Markstrom without a rebound.
9:28 of 3rd period - Adam Lowry wins face-off versus Jordan Kyrou in Wuhan Clan zone.
9:41 of 3rd period - Shot by Jordan Kyrou.
9:41 of 3rd period - Stopped by Jacob Markstrom without a rebound.
9:42 of 3rd period - Elias Pettersson wins face-off versus Jordan Kyrou in Wuhan Clan zone.
9:52 of 3rd period - Jack Hughes is hit by Mark Borowiecki.
10:10 of 3rd period - Shot by Jack Hughes.
10:10 of 3rd period - Stopped by Jacob Markstrom without a rebound.
10:11 of 3rd period - Carter Verhaeghe wins face-off versus Elias Pettersson in Wuhan Clan zone.
10:27 of 3rd period - Robby Fabbri is hit by Dougie Hamilton and loses puck.
11:00 of 3rd period - Shot by Kevin Labanc.
11:00 of 3rd period - Shot Misses the Net.
11:02 of 3rd period - Shot by Travis Dermott.
11:02 of 3rd period - Stopped by Carter Hart without a rebound.
11:03 of 3rd period - Arthur Kaliyev wins face-off versus Adam Lowry in Aces zone.
12:06 of 3rd period - Shot by Elias Pettersson.
12:06 of 3rd period - Stopped by Carter Hart without a rebound.
12:07 of 3rd period - Jason Dickinson wins face-off versus Carter Verhaeghe in Aces zone.
13:24 of 3rd period - Shot by Chu Kock.
13:24 of 3rd period - Shot Misses the Net.
13:26 of 3rd period - Shot by Chu Kock.
13:26 of 3rd period - Shot Misses the Net.
13:41 of 3rd period - Minor Penalty to Trevor Zegras for Boarding.
13:42 of 3rd period - Adam Lowry wins face-off versus Jack Hughes in Wuhan Clan zone.
13:59 of 3rd period - Shot by Clayton Keller.
13:59 of 3rd period - Shot Misses the Net.
14:35 of 3rd period - Shot by Elias Pettersson.
14:35 of 3rd period - Shot Blocked by Ryan McDonagh.
15:09 of 3rd period - Shot by Nick Leddy.
15:09 of 3rd period - Shot Misses the Net.
15:11 of 3rd period - Shot by Erik Cernak.
15:11 of 3rd period - Shot Misses the Net.
15:13 of 3rd period - Shot by Erik Cernak.
15:13 of 3rd period - Stopped by Jacob Markstrom without a rebound.
15:14 of 3rd period - Carter Verhaeghe wins face-off versus Elias Pettersson in Wuhan Clan zone.
15:33 of 3rd period - Shot by Jordan Kyrou.
15:33 of 3rd period - Shot Blocked by Dougie Hamilton.
15:35 of 3rd period - Shot by Nick Leddy.
15:35 of 3rd period - Shot Misses the Net.
15:37 of 3rd period - Shot by Ryan McDonagh.
15:37 of 3rd period - Shot Blocked by Aaron Ekblad.
15:39 of 3rd period - Shot by Jordan Kyrou.
15:39 of 3rd period - Goal by Jordan Kyrou - Wuhan Clan : 4 - Aces : 5.
15:40 of 3rd period - Ross Colton wins face-off versus Michael Rasmussen in neutral zone.
16:42 of 3rd period - Lee Mack is hit by Elias Pettersson and loses puck.
16:55 of 3rd period - Shot by Jack Hughes.
16:55 of 3rd period - Shot Misses the Net.
17:05 of 3rd period - Shot by Jack Hughes.
17:05 of 3rd period - Shot Misses the Net.
17:26 of 3rd period - Icing by Ryan McDonagh.
17:27 of 3rd period - David Krejci wins face-off versus Robby Fabbri in Aces zone.
17:30 of 3rd period - Shot by Tomas Tatar.
17:30 of 3rd period - Deflect By David Krejci.
17:30 of 3rd period - Shot Misses the Net.
18:34 of 3rd period - Shot by Carter Verhaeghe.
18:34 of 3rd period - Stopped by Jacob Markstrom without a rebound.
18:35 of 3rd period - Arthur Kaliyev wins face-off versus Michael Rasmussen in Wuhan Clan zone.
18:56 of 3rd period - Shot by Arthur Kaliyev.
18:56 of 3rd period - Shot Misses the Net.
19:23 of 3rd period - Icing by Dante Fabbro.
19:24 of 3rd period - Elias Pettersson wins face-off versus Arthur Kaliyev in Aces zone.
19:25 of 3rd period - Wuhan Clan, Jacob Markstrom is pulled from the net.
19:37 of 3rd period - Shot by Elias Pettersson.
19:37 of 3rd period - Stopped by Carter Hart without a rebound.
19:38 of 3rd period - Elias Pettersson wins face-off versus Robby Fabbri in Aces zone.
19:47 of 3rd period - Shot by Elias Pettersson.
19:47 of 3rd period - Shot Blocked by Erik Cernak.
19:49 of 3rd period - Shot by Chu Kock.
19:49 of 3rd period - Shot Misses the Net.
19:51 of 3rd period - Shot by Elias Pettersson.
19:51 of 3rd period - Shot Blocked by Erik Cernak.
19:53 of 3rd period - Shot by Elias Pettersson.
19:53 of 3rd period - Stopped by Carter Hart with a rebound.
19:55 of 3rd period - Shot by Mark Borowiecki.
19:55 of 3rd period - Shot Misses the Net.
19:57 of 3rd period - Shot by Mark Borowiecki.
19:57 of 3rd period - Shot Misses the Net.
19:59 of 3rd period - Shot by Elias Pettersson.
19:59 of 3rd period - Stopped by Carter Hart with a rebound.
Goals for this period are 1 for Wuhan Clan vs 2 for Aces.
Shots for this period are 12 for Wuhan Clan vs 11 for Aces.